 Dungeon Crawl Stone Soup version 0.31-a0-162-gc4c5a43528 (webtiles) character file.

Game seed: 15919186458958592093

509 qw the Shield-Bearer (level 7, -1/44 HPs)
             Began as a Gargoyle Fighter on June 12, 2023.
             Was an Initiate of Okawaru.
             Slain by a gnoll sergeant
             ... wielding a +0 trident
              (2 damage)
             ... on level 5 of the Dungeon.
             The game lasted 00:01:56 (3751 turns).

qw the Shield-Bearer (Gargoyle Fighter)             Turns: 3751, Time: 00:01:57

Health: -1/44      AC: 18    Str: 21    XL:     7   Next: 19%
Magic:  7/7        EV:  5    Int:  9    God:    Okawaru [......]
Gold:   243        SH:  8    Dex:  9    Spells: 6/6 levels left

rFire   . . .        Y - +4 war axe
rCold   . . .        b - +0 kite shield
rNeg    + . .        h - +0 plate armour
rPois   inf          (no helmet)
rElec   +            (no cloak)
rCorr   .            (no gloves)
SInv    .            (no boots)
Will    +....        (no amulet) Stlth
                     (no ring)
HPRegen 0.27/turn    (no ring)
MPRegen 0.10/turn

%: no passive effects
@: no status effects
A: sickness immunity, AC +4, negative energy resistance 1, electricity
resistance, torment resistance 1, petrification resistance, iridescent scales 1,
strong-willed 1, screaming 1
a: Renounce Religion


You were on level 5 of the Dungeon.
You worshipped Okawaru.
Okawaru was noncommittal.
You visited 2 branches of the dungeon, and saw 6 of its levels.
You also visited: Sewer.

You collected 243 gold pieces.


Innate Abilities, Weirdness & Mutations

You are immune to sickness and miasma.
Your stone body is resilient. (AC +4)
You are immune to poison.
You resist negative energy. (rN+)
You are resistant to electric shocks. (rElec)
You are resistant to unholy torment.
You are immune to petrification.
You are partially covered in iridescent scales. (AC +2)
You are strong-willed. (Will+)
You occasionally shout uncontrollably at your foes.


   Skills:
 - Level 4.9 Fighting
 + Level 5.0 Axes
 - Level 3.2 Armour
 - Level 5.4 Shields


You had 6 spell levels left.
You didn't know any spells.
Your spell library was empty.

Inventory:

Hand Weapons
 i - a +0 flail
 Y - a +4 war axe (weapon)
Armour
 b - a +0 kite shield (worn)
 h - a +0 plate armour (worn)
Scrolls
 a - a scroll of identify
Potions
 c - 2 potions of mutation
 d - a potion of might
 g - 2 potions of cancellation
 j - a potion of attraction
 k - a potion of heal wounds {unknown}
 l - a potion of curing {unknown}
 m - a potion of magic {unknown}

Dungeon Overview and Level Annotations

Branches:
Dungeon (5/15)             Temple (1/1) D:4           Sewer (visited)

Altars:
Ashenzari
Cheibriados
Dithmenos
Elyvilon
Fedhas
Gozag
Hepliaklqana
Kikubaaqudgha
Nemelex Xobeh
Okawaru
Qazlal
Ru
Trog
Uskayaw
Vehumet
Wu Jian
Xom
Yredelemnul

Annotations:
D:3 1 runed translucent door, qw's ghost, amateur GrHu


Message History

Your Shields skill increases to level 5!
You have reached level 7!
You hit the gnoll.
The gnoll is severely wounded.
You slash the phantom! You slash the gnoll! You hit the gnoll sergeant.
You block the gnoll sergeant's attack. The gnoll hits you but does no damage.
The gnoll completely misses you. The gnoll barely misses you.
The phantom barely misses you.
The phantom hits you but does no damage.
The gnoll hits you with a +0 flail.
The gnoll sergeant hits you but does no damage.
The gnoll hits you but does no damage.
You feel less attractive to monsters.
You closely miss the gnoll.
The gnoll is severely wounded.
You hit the phantom. You slash the gnoll!
You kill the gnoll!
Okawaru accepts your kill.
You hit the gnoll sergeant but do no damage.
The gnoll bouda barks out a call to the hunt!
The gnolls pick up the pace!
The gnoll sergeant hits you but does no damage.
The gnoll hits you but does no damage. You block the phantom's attack.
A gnoll comes into view. It is wielding a +0 spear.
You block the gnoll's attack. The gnoll hits you with a +0 flail.
The gnoll shouts!
You closely miss the gnoll.
The gnoll is severely wounded.
You miss the phantom. You barely miss the gnoll sergeant.
You block the gnoll's attack. You block the gnoll sergeant's attack.
The phantom hits you but does no damage.
The gnoll hits you but does no damage. x2
You hit the gnoll.
You kill the gnoll!
Okawaru accepts your kill.
You slash the gnoll bouda! You slash the gnoll sergeant!
You barely miss the phantom. You block the gnoll bouda's attack.
You block the phantom's attack. The gnoll barely misses you.
The gnoll sergeant hits you with a +0 trident.
You die...

#..#.. #...¤. ..
......###......... .
.................. .##.
.................. ....
..............####
#..#........g....##8.$
..#...##......g.$..#....
#¤¤...¤....gggg#).#..#
#..g.g<.¤g..##g@W.#.#
......gg¤.¤...###..#....
...#......##..# ?.#.#..
# ##.....### # ..#..#
..<...# ..#.... ......##
..##8.. .......# ...####
........# .......


You could see a phantom, a gnoll sergeant (swift), a gnoll bouda and 5 gnolls.

Vanquished Creatures
  Pargi (Sewer)
  An ogre (D:5)
  An orc priest (D:4)
  Jessica (D:3)
  Ijyb (D:3)
  An orc wizard (D:3)
  4 gnolls (D:5)
  8 adders
  2 river rats (D:3)
  2 worms
  2 dart slugs
  7 orcs
  3 endoplasms
  5 giant cockroaches
  8 hobgoblins
  5 kobolds
  19 ball pythons
  8 bats
  5 frilled lizards
  4 goblins
  9 rats
97 creatures vanquished.

Notes
Turn   | Place    | Note
-------+----------+-------------------------------------------
     0 | D:1      | qw the Gargoyle Fighter began the quest for the Orb.
     0 | D:1      | Reached XP level 1. HP: 14/14 MP: 1/1
     0 | D:1      | 0 ||| qw: Version: 0.2-a-29-gc1b59c4
     0 | D:1      | 0 ||| qw: Game counter: 4375
     0 | D:1      | 0 ||| qw: Always use a shield: true
     0 | D:1      | 0 ||| qw: God list: Okawaru
     0 | D:1      | 0 ||| qw: Allow faded altars: false
     0 | D:1      | 0 ||| qw: Do Orc after D:15 true
     0 | D:1      | 0 ||| qw: Do second Lair branch before Depths: true
     0 | D:1      | 0 ||| qw: Lair rune preference: random
     0 | D:1      | 0 ||| qw: Plans: Normal, Zot:1-4, Slime:5, God:TSO, Crypt,
                  | Tomb, Abyss, Pan, Hells, Win
     0 | D:1      | 0 ||| PLANNING D:1-11
   103 | D:1      | Reached XP level 2. HP: 19/19 MP: 2/2
   562 | D:1      | Reached skill level 3 in Axes
   749 | D:1      | 749 ||| UPGRADING to +0 plate armour.
   759 | D:1      | 759 ||| DROPPING +0 scale mail.
   760 | D:1      | 760 ||| READING 2 scrolls labelled HAUF GIDERIA.
   831 | D:2      | Reached XP level 3. HP: 21/23 MP: 3/3
   957 | D:2      | 957 ||| Stepping ~*~*~tactically~*~*~ (stealth).
  1571 | D:2      | 1571 ||| READING scroll labelled XIDYPY HIMUM.
  1572 | D:2      | 1572 ||| READING scroll labelled ITSIBANG ICIAMN.
  1575 | D:2      | 1575 ||| READING scroll labelled ECEYMU URCHU.
  1576 | D:2      | 1576 ||| READING 2 scrolls of identify.
  1576 | D:2      | 1576 ||| IDENTIFYING brown potion
  1595 | D:3      | 1595 ||| PLANNING SEWER
  1665 | D:3      | Reached XP level 4. HP: 28/28 MP: 4/4
  1695 | D:3      | Noticed Ijyb
  1696 | D:3      | Found a runed translucent door.
  1698 | D:3      | Noticed qw's ghost (amateur GrHu)
  1713 | D:3      | Killed Ijyb
  1714 | D:3      | Reached XP level 5. HP: 24/32 MP: 5/5
  1751 | D:3      | 1751 ||| DROPPING +0 club.
  1768 | D:3      | Noticed Jessica
  1769 | D:3      | 1769 ||| Stepping ~*~*~tactically~*~*~ (stealth).
  1771 | D:3      | 1771 ||| Stepping ~*~*~tactically~*~*~ (hiding).
  1775 | D:3      | Killed Jessica
  1792 | D:3      | Found a faded altar of an unknown god.
  1796 | D:3      | Found an ornate altar of the Wu Jian Council.
  2012 | D:3      | 2012 ||| DROPPING +0 whip.
  2015 | D:3      | Found a glowing drain.
  2016 | D:3      | 2016 ||| Stepping ~*~*~tactically~*~*~ (water).
  2028 | D:3      | 2028 ||| READING scroll labelled IJUDIHACLA.
  2029 | D:3      | 2029 ||| READING scroll labelled OLYTWA VULASASKO.
  2035 | Sewer    | Entered a sewer
  2059 | Sewer    | Noticed Pargi
  2098 | Sewer    | HP: 7/33 [Pargi (3)]
  2099 | Sewer    | 2099 ||| READING scroll of teleportation.
  2245 | Sewer    | Killed Pargi
  2246 | Sewer    | Reached XP level 6. HP: 21/40 MP: 6/6
  2331 | Sewer    | 2331 ||| READING scroll of enchant weapon.
  2331 | Sewer    | 2331 ||| ENCHANTING +1 war axe.
  2360 | D:3      | 2360 ||| PLANNING D:1-11
  2520 | D:4      | Found a staircase to the Ecumenical Temple.
  2520 | D:4      | Identified the +5 dagger of Ravage {venom, *Noise rCorr
                  | Int+5 Dex-5}
  2521 | D:4      | 2521 ||| PLANNING TEMPLE
  2521 | D:4      | 2521 ||| UPGRADING to +0 kite shield.
  2531 | D:4      | 2531 ||| DROPPING +0 buckler.
  2540 | Temple   | Entered the Ecumenical Temple
  2558 | Temple   | 2558 ||| PLANNING OKAWARU WORSHIP
  2587 | Temple   | Became a worshipper of Warmaster Okawaru
  2587 | Temple   | 2587 ||| PLANNING D:1-11
  2647 | D:4      | Found a blossoming altar of Fedhas.
  2724 | D:4      | Found a white marble altar of Elyvilon.
  2725 | D:4      | 2725 ||| Stepping ~*~*~tactically~*~*~ (hiding).
  2755 | D:4      | 2755 ||| DROPPING +0 mace.
  3014 | D:4      | 3014 ||| READING scroll of enchant weapon.
  3014 | D:4      | 3014 ||| ENCHANTING +2 war axe.
  3087 | D:4      | 3087 ||| Stepping ~*~*~tactically~*~*~ (hiding).
  3089 | D:4      | 3089 ||| Stepping ~*~*~tactically~*~*~ (hiding).
  3408 | D:4      | 3408 ||| READING scroll of enchant weapon.
  3408 | D:4      | 3408 ||| ENCHANTING +3 war axe.
  3691 | D:4      | 3691 ||| READING scroll labelled JELUP ROEMECIE.
  3720 | D:4      | 3720 ||| DRINKING 3 murky pink potions.
  3720 | D:4      | Gained mutation: You are strong-willed. (Will+) [potion of
                  | mutation]
  3720 | D:4      | Gained mutation: You occasionally shout uncontrollably at
                  | your foes. [potion of mutation]
  3720 | D:4      | Gained mutation: You are partially covered in iridescent
                  | scales. (AC +2) [potion of mutation]
  3721 | D:4      | 3721 ||| DRINKING 2 fuming blue potions.
  3722 | D:4      | 3722 ||| READING 2 scrolls of identify.
  3722 | D:4      | 3722 ||| IDENTIFYING golden potion
  3723 | D:4      | 3723 ||| DROPPING potion of invisibility.
  3739 | D:5      | Entered Level 5 of the Dungeon
  3741 | D:5      | 3741 ||| STAIRDANCE
  3743 | D:5      | HP: 9/40 [gnoll/+0 halberd[a gnoll sergeant] (6)]
  3743 | D:5      | HP: 4/40 [phantom (5)]
  3748 | D:5      | Reached XP level 7. HP: 5/44 MP: 7/7
  3748 | D:5      | HP: 1/44 [gnoll/+0 flail[a gnoll bouda] (4)]
  3751 | D:5      | Slain by a gnoll sergeant

Levels and vault maps discovered:
D:1:      minmay_arrival_arboretum_large, layout_basic
D:2:      layout_loops_ring, serial_aquarium, aquarium_bridge_long_joined
          [aquarium_subvault_bridge, aquarium_subvault_wall,
          aquarium_subvault_bridge, aquarium_subvault_bridge,
          aquarium_subvault_balcony, aquarium_subvault_wall],
          aquarium_bridge_straight [aquarium_subvault_bridge,
          aquarium_subvault_window, aquarium_subvault_bridge,
          aquarium_subvault_balcony], aquarium_window_fake,
          aquarium_window_fake, aquarium_view_2b, aquarium_view_2f
D:3:      layout_basic, mainiacjoe_overflow_tiny_flanked,
          ebering_ecumenical_altar_abandoned, portal_sewer_entry_e,
          gammafunk_ghost_grave, amcnicky_mini_pool_small, uniq_ijyb,
          uniq_jessica
D:4:      layout_layer_cave, mainiacjoe_overflow_alcove_4, lemuel_doored_altar,
          minmay_temple_entry_wispy, minmay_snake_closets
D:5:      layout_cave_pools, gammafunk_ghost_arena, uniq_sigmund, uniq_grinder
Temple:   hellmonk_temple_of_storms

Skill      XL: |  1  2  3  4  5  6 |
---------------+-------------------+-----
Axes           | 2 3 4 5 |  5.0
Fighting       | 4 |  4.9
Shields        | 5 |  5.4
Armour         | |  3.2

Action                     |  1- 3 |  4- 6 |  7- 9 || total
---------------------------+-------+-------+-------++-------
  Melee: War axe           |   128 |   188 |     4 ||   320
    Use: Scroll            |     5 |     8 |       ||    13
         Potion            |       |     2 |       ||     2
 Armour: Scale mail        |    20 |       |       ||    20
         Plate armour      |    57 |   223 |     9 ||   289
  Dodge: Dodged            |    37 |    62 |     4 ||   103
  Block: Buckler           |    23 |    41 |       ||    64
         Kite shield       |       |    23 |     7 ||    30

Table legend:
 A = Non-vault XP
 B = Vault XP
 C = Vault XP percentage of total XP
 D = Non-vault monster count
 E = Vault monster count
 F = Vault count percentage of total count
                 A         B        C        D         E       F
            +---------+---------+-------+---------+---------+-------
      Total |     447 |     295 |  39.8 |      76 |      21 |  21.6
            +---------+---------+-------+---------+---------+-------
        D:1 |      31 |       0 |   0.0 |      21 |       0 |   0.0
        D:2 |      40 |       0 |   0.0 |      17 |       0 |   0.0
        D:3 |      83 |     109 |  56.8 |      15 |      10 |  40.0
        D:4 |     107 |      48 |  31.0 |      18 |       8 |  30.8
        D:5 |     186 |       0 |   0.0 |       5 |       0 |   0.0
      Sewer |       0 |     138 | 100.0 |       0 |       3 | 100.0
            +---------+---------+-------+---------+---------+-------
